 Dungeon Crawl Stone Soup version 0.25-a0-294-gea9b1ad378 (webtiles) character file.

Game seed: 2632349000690345497, levelgen mode: deterministic

321 MoonlitKnight the Conjurer (level 6, -6/32 HPs)
             Began as a Deep Elf Conjurer on Dec 16, 2019.
             Killed by divine providence
             ... invoked by an orc priest
              (15 damage)
             ... on level 4 of the Dungeon.
             The game lasted 00:08:57 (2879 turns).

MoonlitKnight the Conjurer (Deep Elf Conjurer)      Turns: 2879, Time: 00:08:58

Health: -6/32      AC:  2    Str:  5    XL:     6   Next: 22%
Magic:  6/14       EV: 13    Int: 22    God:
Gold:   94         SH:  4    Dex: 15    Spells: 4/14 levels left

rFire    + . .     SeeInvis .   p - +2 dagger (venom)
rCold    x . .     Gourm    .   i - +0 buckler
rNeg     . . .     Faith    .   a - +0 robe
rPois    .         Spirit   .   (no helmet)
rElec    .         Reflect  .   (no cloak)
rCorr    .         Harm     .   (no gloves)
MR       .....                  (no boots)
Stlth    +++.......             (no amulet)
HPRegen  0.10/turn              m - ring of fire
MPRegen  0.14/turn              (no ring)

@: no status effects
A: no striking features
a: no special abilities


You were on level 4 of the Dungeon.
You were not hungry.

You visited 1 branch of the dungeon, and saw 4 of its levels.

You collected 94 gold pieces.

Inventory:

Hand Weapons
 p - a +2 dagger of venom (weapon)
Armour
 a - a +0 robe (worn)
 i - a +0 buckler (worn)
Jewellery
 m - a ring of fire (left hand)
Wands
 b - a wand of flame (17)
 o - a wand of polymorph (7)
Scrolls
 f - 2 scrolls of fear
 h - 2 scrolls of magic mapping
 l - 3 scrolls of remove curse
 r - a scroll of blinking
Potions
 e - a potion of might
 g - 2 potions of curing
 j - a potion of ambrosia {unknown}
 s - a potion of cancellation {unknown}
 t - a potion of agility {unknown}
 u - 2 potions of heal wounds {unknown}
Comestibles
 c - 5 rations
 d - a chunk of flesh


   Skills:
 - Level 3.1 Dodging
 + Level 4.3 Stealth
 + Level 1.7 Shields
 + Level 4.5 Spellcasting
 * Level 6.2 Conjurations


You had 4 spell levels left.
You knew the following spells:

 Your Spells              Type           Power        Failure   Level  Hunger
a - Magic Dart            Conj           ####         1%          1    None
b - Searing Ray           Conj           ####..       1%          2    None
c - Dazzling Flash        Conj/Hex       ###...       12%         3    ##.....
d - Fulminant Prism       Conj/Hex       ###.......   36%         4    ####...

Your spell library contained the following spells:

 Spells                   Type           Power        Failure   Level  Hunger
 Iskenderun's Mystic Bla  Conj/Tloc      ###.....     36%         4    ####...


Dungeon Overview and Level Annotations

Branches:
Dungeon (4/15)
 Temple: D:4-7

Altars:
Kikubaaqudgha
Yredelemnul

Annotations:
D:4 Sigmund


Message History

The orc priest is almost dead.
You finish channeling your searing ray.
You hear a shout! x2
The orc priest invokes the aid of Beogh against you.
Beogh smites you!
The orc wizard hits you with a +0 dagger.
* * * LOW HITPOINT WARNING * * *
An orc priest comes into view.
It is wielding a +0 club and wearing a +2 ring mail of poison resistance.
The orc wizard misses you.
Casting: Searing Ray (safe; 1% risk of failure)
Confirm with . or Enter, or press ? or * to list all spells.
Aiming: Searing Ray (safe; 1% risk of failure)
Press: ? - help, Shift-Dir - straight line, f - orc priest
Aim: an orc priest, wielding a +0 club and wearing a +0 scale mail (almost dead)
The searing ray hits the orc priest!
You kill the orc priest! (Press . to maintain the ray.)
The orc priest invokes the aid of Beogh against you.
Beogh smites you!
You die...

#** ***** ##.* *,,,* #..#####
**,,,*** ##...#..###,,,,,,***
****#......o..#,,,,,,,,***
**,*....###'###.oo.,,,,,,,**
*,,,.,,,###)###,,,.**,,,,,,*
**,,*,,,*##..o##,,,,,,,,,,,**
***,,,*,,,*##.@.##,,,,*,,,,,,,,
***,,>,**,,**##...##,,,*****,,,,,
*,,,,,,,*######...######**,,,,,,,
,,,,,,,,*######...######*,,,,,,,,
,,,,,,,,*#.....#.#.....#*,,,,,,,,
,,,**,,,+...............+,,,,,,**
,,,,,,,,*#.....#.#.....#**#.,**##
**,,,**,*######...######*,#.**#.#
****,,,,*######...#######...*#..#


You could see an orc priest and an orc wizard.

Vanquished Creatures
  A centaur skeleton (D:2)
  2 orc priests
  A hound (D:4)
  2 worker ants (D:4)
  9 adders
  2 worms (D:3)
  A leopard gecko (D:3)
  3 orcs (D:3)
  6 ball pythons (D:3)
  6 bats
  A bat zombie (D:2)
  3 giant cockroaches
  7 goblins
  8 hobgoblins
  10 jackals
  A quokka (D:2)
  A ball python skeleton (D:4)
  5 frilled lizards (D:2)
  2 kobolds
  3 rats
74 creatures vanquished.

Notes
Turn   | Place    | Note
-------+----------+-------------------------------------------
     0 | D:1      | MoonlitKnight the Deep Elf Conjurer began the quest for the
                  | Orb.
     0 | D:1      | Reached XP level 1. HP: 10/10 MP: 6/6
   280 | D:1      | Reached XP level 2. HP: 11/15 MP: 5/8
   394 | D:1      | Learned a level 2 spell: Searing Ray
   427 | D:1      | You fall into a shaft and drop 1 floor!
   438 | D:2      | Reached XP level 3. HP: 5/19 MP: 1/9
   674 | D:2      | Found a basalt altar of Yredelemnul.
   707 | D:2      | Reached skill level 5 in Conjurations
  1002 | D:2      | Reached XP level 4. HP: 24/24 MP: 7/11
  1012 | D:2      | Learned a level 3 spell: Dazzling Flash
  1017 | D:2      | Learned a level 4 spell: Fulminant Prism
  1041 | D:2      | Found a faded altar of an unknown god.
  1225 | D:2      | Found an ancient bone altar of Kikubaaqudgha.
  1528 | D:3      | Reached skill level 1 in Shields
  1963 | D:3      | Reached XP level 5. HP: 28/28 MP: 10/12
  2533 | D:4      | Noticed Sigmund
  2629 | D:4      | Reached skill level 6 in Conjurations
  2657 | D:4      | Reached XP level 6. HP: 22/32 MP: 7/14
  2879 | D:4      | Killed from afar by an orc priest

Levels and vault maps discovered:
D:1:      sevenhm_arrival_forest_fort_small_4, layout_loops_ring,
          minmay_misc_feat_ornament, minmay_misc_feat_encased
D:2:      layout_rooms, lemuel_zombie_altar_kikubaaqudgha,
          chequers_ecumenical_altar_simple_redux, minmay_misc_feat_hallway,
          yredelemnul_altar_generic
D:3:      layout_loops_cross, minmay_shallow_snake_nest
D:4:      layout_cave_pools, first_ration, kennysheep_minor_cross, uniq_pikel,
          uniq_sigmund

Skill      XL: |  1  2  3  4  5 |
---------------+----------------+-----
Stealth        | 3 4 |  4.3
Dodging        | 3 |  3.1
Conjurations   | 5 6 |  6.2
Shields        | 1 |  1.7
Spellcasting   | 4 |  4.5

Action                   |  1- 3 |  4- 6 || total
-------------------------+-------+-------++-------
Melee: Club              |     4 |       ||     4
       Unarmed           |     1 |       ||     1
       Whip              |    12 |       ||    12
       Dagger            |       |     3 ||     3
 Cast: Magic Dart        |    44 |    75 ||   119
       Searing Ray       |     2 |    14 ||    16
       Dazzling Flash    |       |     1 ||     1
  Use: Scroll            |       |     9 ||     9
  Eat: Chunk             |       |     6 ||     6
Armor: Robe              |     4 |     1 ||     5
Dodge: Dodged            |    22 |    18 ||    40
Block: Buckler           |     4 |     7 ||    11

Table legend:
 A = Non-vault XP
 B = Vault XP
 C = Vault XP percentage of total XP
 D = Non-vault monster count
 E = Vault monster count
 F = Vault count percentage of total count
                 A         B        C        D         E       F
            +---------+---------+-------+---------+---------+-------
      Total |     436 |      23 |   5.0 |      66 |       8 |  10.8
            +---------+---------+-------+---------+---------+-------
        D:1 |      19 |       0 |   0.0 |      11 |       0 |   0.0
        D:2 |     119 |       2 |   1.7 |      26 |       1 |   3.7
        D:3 |     125 |      21 |  14.4 |      22 |       7 |  24.1
        D:4 |     173 |       0 |   0.0 |       7 |       0 |   0.0
            +---------+---------+-------+---------+---------+-------
